 Dungeon Crawl Stone Soup version 5.7-8-g3a8b389 (webtiles) character file.

76 learn4r the Purveyor of Pain (level 5, 0/28 HPs)
             Began as a Deep Elf Necromancer on Feb 9, 2019.
             Was an Initiate of Kikubaaqudgha.
             Slain by a vampire bat (2 damage)
             ... on level 3 of the Dungeon.
             The game lasted 00:07:02 (2731 turns).

learn4r the Purveyor of Pain (Deep Elf Necromancer) Turns: 2731, Time: 00:07:02

Health: 0/28       AC:  3 (0%)Str: 10   XL:     5   Next: 45%
Magic:  11/11      EV: 13    Int: 26    God:    Kikubaaqudgha [0*[23]]
Gold:   166        SH:  0    Dex: 15    Spells: 10/11 levels left

rFire    + . .     SeeInvis .   (no weapon)
rCold    + . .     Faith    .   (no shield)
rNeg     + . .     Spirit   .   a - +0 robe
rPois    +         Reflect  .   (no helmet)
rElec    +                      (no cloak)
rCorr    +                      (no gloves)
MR       +....                  c - +0 pair of boots
Stlth    ++........             (no amulet)
Regen    0.1/turn               (no ring)
MPRegen  0.2/turn               (no ring)

@: mighty, brilliant, resistant, very slightly contaminated
A: magic attunement
a: Renounce Religion


You were on level 3 of the Dungeon.
You worshipped Kikubaaqudgha.
Kikubaaqudgha was noncommittal.
You were not hungry.

You visited 1 branch of the dungeon, and saw 3 of its levels.

You collected 166 gold pieces.

Inventory:

Missiles
 i - 85 poisoned darts (quivered)
Armour
 a - a +0 robe (worn)
 c - a +0 pair of boots (worn)
Scrolls
 d - a scroll of magic mapping
 e - a scroll of fog
Potions
 b - a potion of cancellation
 f - a potion of flight


   Skills:
 + Level 2.4 Dodging
 + Level 2.9 Stealth
 + Level 0.1 Unarmed Combat
 + Level 8.8 Necromancy


You had 10 spell levels left.
You knew the following spells:

 Your Spells              Type           Power        Failure   Level  Hunger
a - Pain                  Necr           25 (25)      1%          1    N/A

Your spell library contained the following spells:

 Spells                   Type           Power        Failure   Level  Hunger
 Animate Dead             Necr           61 (200)     1%          4    N/A
 Control Undead           Necr           61 (200)     1%          4    N/A
 Vampiric Draining        Necr           61 (200)     1%          3    N/A
 Regeneration             Chrm/Necr      44 (200)     1%          3    N/A
 Sublimation of Blood     Necr           61 (200)     1%          2    N/A

Dungeon Overview and Level Annotations

Branches:
Dungeon (3/15)

Altars:
Gozag
Kikubaaqudgha
Makhleb
Ru


Innate Abilities, Weirdness & Mutations

Your non-sustained spells cost 1 less MP to cast


Message History

You feel very mighty all of a sudden.
You feel clever all of a sudden. The vampire bat bites you (2).
* * * LOW HITPOINT WARNING * * *
The vampire bat bites you but does no damage.
You hit the vampire bat (2).
The vampire bat is moderately damaged.
The vampire bat bites you but does no damage.
The vampire bat bites you (2).
* * * LOW HITPOINT WARNING * * *
The vampire bat barely misses you.
You closely miss the vampire bat.
The vampire bat is moderately damaged.
You feel yourself slow down. The vampire bat misses you.
The vampire bat bites you (1).
* * * LOW HITPOINT WARNING * * *
You closely miss the vampire bat.
The vampire bat is moderately damaged.
The vampire bat bites you (2).
You die...
Kikubaaqudgha rasps: "You have failed me!
Welcome... death!"

#.)..#.## #..# .....#.#
#..# ...#.#.#####..####
.P.###.........#..
#.P............#.#
##.#.#######.#.#.#
##...# #.#.#.# ####.#
#.#.#b# .# # #..#
#.#.#@##...## ###.######
#...........#
......................##
###.########.###.###.##
#.# #.. .... .. #.# ###
#.### .. #.. #.# . ###
#.# ...


You could see a vampire bat.

Vanquished Creatures
  A worker ant (D:3)
  6 adders (D:2)
  A dart slug (D:1)
  3 orcs (D:3)
  A quokka (D:1)
  11 bats
  A bat skeleton (D:3)
  3 giant cockroaches (D:2)
  5 goblins
  5 hobgoblins
  3 jackals (D:3)
  3 frilled lizards
  9 kobolds
  6 rats
58 creatures vanquished.

Notes
Turn   | Place    | Note
-------+----------+-------------------------------------------
     0 | D:1      | learn4r the Deep Elf Necromancer began the quest for the Orb.
     0 | D:1      | Reached XP level 1. HP: 10/10 MP: 4/4
   238 | D:1      | Reached XP level 2. HP: 9/15 MP: 6/6
  1019 | D:2      | Reached skill level 7 in Necromancy
  1019 | D:2      | Reached XP level 3. HP: 18/19 MP: 8/8
  1305 | D:2      | Found a burning altar of Makhleb.
  1307 | D:2      | Noticed an Executioner
  1382 | D:2      | Found an opulent altar of Gozag.
  1409 | D:2      | Reached XP level 4. HP: 9/24 MP: 10/10
  1974 | D:2      | Found a sacrificial altar of Ru.
  2127 | D:3      | Found an ancient bone altar of Kikubaaqudgha.
  2143 | D:3      | Reached skill level 8 in Necromancy
  2143 | D:3      | HP: 1/24 [poisoned by a worker ant]
  2430 | D:3      | Became a worshipper of Kikubaaqudgha
  2513 | D:3      | Reached XP level 5. HP: 22/28 MP: 11/11
  2731 | D:3      | Slain by a vampire bat

Skill      XL: |  1  2  3  4 |
---------------+-------------+-----
Necromancy     | 7 8 |  8.8
Dodging        | |  2.4
Stealth        | |  2.9
Unarmed Combat | |  0.1

Action                   |  1- 3 |  4- 6 || total
-------------------------+-------+-------++-------
Melee: Unarmed           |       |    14 ||    14
 Cast: Pain              |    47 |    49 ||    96
  Use: Potion            |       |     3 ||     3
Armor: Robe              |     2 |    33 ||    35
Dodge: Dodged            |     7 |    71 ||    78
